Unix NetHack Version 5.0.0-0 post-release - last build May 22 2026 02:22:16 (99d1c3b6dc4b13757aaa5824b55bdea4e1e63757,branch:main).

Game began 2026-05-23 00:45:29, ended 2026-05-23 00:54:05.

Kwijibo4686, neutral female human Valkyrie

                                                                  ---
                                                            ----- ..|
                                                         ----.......|
                                                         |.....-
                                                         |.--)--
                                                         |.||.|
                                                         |.||@|
                                                         |.||h-
                                                         |.|-.
                                                         |.| ..
                                                         |.| ..
                                                         |.|-...
                                                         |.||...
                                                         |.||....
                                                       --|.|--...
                                            -----    ---.|.|  ->..
                                             ...|    |.....--  ----
                                              -<-------.....|
                                              |.............|
                                              ---------------

Kwijibo4686 the Skirmisher  St:17 Dx:14 Co:18 In:9 Wi:10 Ch:8  Neutral
Dlvl:4  $:53 HP:0(37) Pw:8(8) AC:5  Xp:4 T:1734 

Latest messages:
 A dagger misses you.
 You see here a dagger.
 The gnome wields 3 daggers!
 The gnome strikes at your displaced image and misses you!
 You kill the gnome!
 You learn more about your items by comparing them.
 d - an uncursed food ration (4 in total).
 n - a key.
 You descend the stairs.
 You climb up the stairs.
 You see here a dagger.
 The newt strikes at your displaced image and misses you!
 You hit the dwarf zombie!
 The dwarf zombie hits!
 You destroy the dwarf zombie!
 You hit the dwarf zombie.
 The newt strikes at your displaced image and misses you!
 You hit the dwarf zombie.
 You destroy the dwarf zombie!
 You see here a dwarf corpse.
 You kill the newt!
 You descend the stairs.
 The gnome strikes at your displaced image and misses you!
 You kill the gnome!
 You see here a gnome corpse.
 There is a gnome corpse here; eat it? [ynq] (n) y
 This gnome corpse is fatty.
 You finish eating the gnome corpse.
 You see here a dart.
 The dwarf wields a dwarvish short sword!
 The gnome hits!
 You miss the gnome.
 The dwarf throws a dwarvish spear!
 The dwarvish spear hits the gnome!
 The gnome is killed!
 The dwarf thrusts his dwarvish short sword.
 The dwarf hits!
 You miss the dwarf.
 You miss the dwarf.
 You miss the dwarf.
 The dwarf thrusts his dwarvish short sword.
 The dwarf hits!
 You miss the dwarf.
 The dwarf thrusts his dwarvish short sword.
 The dwarf hits!
 You miss the dwarf.
 The dwarf thrusts his dwarvish short sword.
 The dwarf hits!
 You die...
 Do you want your possessions identified? [ynq] (y) q

Inventory:
 Coins    ('$')
  $ - 53 gold pieces
 Weapons  (')')
  b - a +0 dagger (alternate weapon; not wielded)
  a - a +1 spear (weapon in right hand)
 Armor    ('[')
  m - an uncursed +0 pair of iron shoes
  g - a cursed -2 pair of jumping boots
  c - an uncursed +3 small shield (being worn)
  f - an uncursed +0 cloak of displacement (being worn)
 Comestibles  ('%')
  i - a cursed slime mold
  d - 4 uncursed food rations
  e - an uncursed tripe ration
  k - an uncursed lichen corpse
 Potions  ('!')
  h - an uncursed potion of gain energy
  l - an uncursed potion of sleeping
 Tools    ('(')
  n - an uncursed skeleton key

Kwijibo4686 the Valkyrie's attributes:

Background:
 You were a Skirmisher, a level 4 human Valkyrie.
 You were neutral, nominally on a mission for Odin
 who was opposed by Tyr (lawful) and Loki (chaotic).
 You were right-handed.
 You were in the Gnomish Mines, on level 4.
 You entered the dungeon 1734 turns ago.
 It was the midnight hour.
 You had 151 experience points, 9 more were needed to attain level 5.

Basics:
 You had 0 out of 37 hit points.
 You had all 8 energy points (spell power).
 Your armor class was 5.
 Your wallet contained 53 zorkmids.
 Autopickup was on for '$?!/="' plus thrown.

Final Characteristics:
 Your strength was 17 (limit:18/100).
 Your dexterity was 14 (limit:18).
 Your constitution was 18 (limit:18).
 Your intelligence was 9 (limit:18).
 Your wisdom was 10 (limit:18).
 Your charisma was 8 (limit:18).

Final Status:
 You weren't hungry.
 You were unencumbered.
 You were wielding a spear.
 You had basic skill with spear.

Final Attributes:
 You were devoutly aligned.
 You were cold resistant.
 You were displaced.
 You were stealthy.
 You were warded.
 You are dead.

Miscellaneous:
 You didn't encounter any bones levels.
 Total elapsed playing time was 8 minutes and 36 seconds.

Major events:
 Turn
    1: Kwijibo4686 the neutral human Valkyrie entered the dungeon
 1241: attained the rank of Skirmisher (level 3)
 1454: entered the Gnomish Mines
 1734: killed by a dwarf

You didn't know any spells.

Skills:
 Fighting Skills
   bare handed combat [Unskilled]
   two weapon combat  [Unskilled]
   riding             [Unskilled]
 Weapon Skills
   dagger             [Basic]
   axe                [Unskilled]
   pick-axe           [Unskilled]
   short sword        [Unskilled]
   broadsword         [Unskilled]
   long sword         [Unskilled]
   two-handed sword   [Unskilled]
   saber              [Unskilled]
   hammer             [Unskilled]
   quarterstaff       [Unskilled]
   polearms           [Unskilled]
   spear              [Basic]
   trident            [Unskilled]
   lance              [Unskilled]
   sling              [Unskilled]
 Spellcasting Skills
   attack spells      [Unskilled]
   escape spells      [Unskilled]

Voluntary challenges:
 Character rerolling was not enabled.
 You were an atheist.
 You were illiterate.
 You never genocided any monsters.
 You never polymorphed an object.
 You never changed form.
 You used no wishes.
Achievements:
 You entered a shop.
 You attained the rank of Skirmisher.
 You entered the Gnomish Mines.

 The Dungeons of Doom: levels 1 to 4
    Level 1:
       A fountain.
    Level 2:
       A general store.
       Stairs down to The Gnomish Mines.
    Level 3:
       A fountain.
    Level 4:
       A general store, a fountain.
 The Gnomish Mines: levels 3 to 4
    Level 3:
    Level 4: <- You were here.
       Final resting place for
          you, killed by a dwarf.


Vanquished creatures:
  a gnome leader
  a dwarf
  a homunculus
  3 dwarf zombies
  a coyote
  a hobbit
  a hobgoblin
  a yellow mold
  a green mold
 10 gnomes
  2 geckos
  a fox
  a goblin
  2 grid bugs
  5 lichens
  3 newts
35 creatures vanquished.

No species were genocided or became extinct.

Game over:
                       ----------
                      /          \
                     /    REST    \
                    /      IN      \
                   /     PEACE      \
                  /                  \
                  |   Kwijibo4686    |
                  |      53 Au       |
                  |   killed by a    |
                  |      dwarf       |
                  |                  |
                  |                  |
                  |       2026       |
                 *|     *  *  *      | *
        _________)/\\_//(\/(/\)/\//\/|_)_______

Farvel Kwijibo4686 the Valkyrie...

You died in The Gnomish Mines on dungeon level 4 with 802 points,
and 53 pieces of gold, after 1734 moves.
You were level 4 with a maximum of 37 hit points when you died.

